 Dungeon Crawl Stone Soup version 0.23.0-3-gf3c87f2 (webtiles) character file.

Game seed: 9198121030520127590

221 Borgoz the Sneak (level 6, 0/37 HPs)
             Began as a Kobold Enchanter on Feb 23, 2019.
             Slain by an orc
             ... wielding a +0 dagger
              (4 damage)
             ... on level 3 of the Dungeon.
             The game lasted 00:04:35 (3645 turns).

Borgoz the Sneak (Kobold Enchanter)                 Turns: 3645, Time: 00:04:36

Health: 0/37       AC:  3    Str:  7    XL:     6   Next: 18%
Magic:  2/10       EV: 15    Int: 22    God:
Gold:   162        SH:  0    Dex: 15    Spells: 8/11 levels left

rFire    . . .     SeeInvis +   i - +0 short sword (venom)
rCold    . . .     Gourm    .   (shield restricted)
rNeg     . . .     Faith    .   g - +0 leather armour
rPois    .         Spirit   .   (no helmet)
rElec    .         Reflect  .   (no cloak)
rCorr    .         Harm     .   (no gloves)
MR       .....                  (no boots)
Stlth    +++.......             (no amulet)
HPRegen  0.12/turn              f - ring of see invisible
MPRegen  0.12/turn              (no ring)

@: brilliant
A: small, carnivore
a: no special abilities


You were on level 3 of the Dungeon.
You were completely stuffed.

You visited 1 branch of the dungeon, and saw 3 of its levels.

You collected 162 gold pieces.

Inventory:

Hand Weapons
 i - a +0 short sword of venom (weapon)
Missiles
 c - a throwing net (quivered)
Armour
 g - a +0 leather armour (worn)
 m - a cursed +0 ring mail
Jewellery
 f - a ring of see invisible (left hand)
Wands
 p - a wand of flame (11)
 x - a wand of digging (6)
Scrolls
 a - a scroll of enchant armour {unknown}
 h - 2 scrolls of remove curse
 j - a scroll of enchant weapon {unknown}
 l - a scroll of identify
 n - a scroll of fog {unknown}
 o - 2 scrolls of fear {unknown}
 q - a scroll of teleportation {unknown}
 r - a scroll of amnesia {unknown}
 v - a scroll of noise {unknown}
Potions
 b - a potion of berserk rage
 e - 2 potions of agility
 s - a potion of cancellation
 t - a potion of brilliance
 u - a potion of curing {unknown}
 w - a potion of lignification {unknown}
Comestibles
 d - 7 rations


   Skills:
 * Level 3.0 Fighting
 + Level 3.1 Short Blades
 + Level 3.4 Dodging
 + Level 4.9 Stealth
 + Level 3.0 Spellcasting
 + Level 3.7 Hexes


You had 8 spell levels left.
You knew the following spells:

 Your Spells              Type           Power        Failure   Level  Hunger
a - Corona                Hex            ####...      1%          1    None
b - Ensorcelled Hibernat  Hex/Ice        ###...       1%          2    ##.....

Your spell library contained the following spells:

 Spells                   Type           Power        Failure   Level  Hunger
 Confuse                  Hex            ####....     1%          3    ###....
 Tukima's Dance           Hex            ####....     1%          3    ###....
 Dazzling Spray           Conj/Hex       ###...       3%          3    ###....


Dungeon Overview and Level Annotations

Branches:
Dungeon (3/15)

Altars:
Ashenzari
Hepliaklqana
Nemelex Xobeh
Uskayaw


Innate Abilities, Weirdness & Mutations

You are small and have problems with some larger weapons.
You are carnivorous and can eat meat at any time.


Message History

The orc misses you. The orc priest completely misses you.
Casting: Ensorcelled Hibernation (safe; 19% risk of failure)
Confirm with . or Enter, or press ? or * to list all spells.
Aiming: Ensorcelled Hibernation (safe; 19% risk of failure)
Press: ? - help, Shift-Dir - straight line, f/p - orc priest
Aim: an orc priest, wielding a -1 club and wearing a +0 ring mail (chance to defeat MR: 39%)
You miscast Ensorcelled Hibernation.
You are very lightly contaminated with residual magic.
A chill runs through your body. The orc hits you with a +0 dagger.
* * * LOW HITPOINT WARNING * * *
The orc priest hits you with a cursed -1 club.
* * * LOW HITPOINT WARNING * * *
It was a potion of cancellation.
You feel magically purged.
Your magical contamination has completely faded away.
The orc closely misses you.
The orc priest hits you but does no damage.
It was a potion of brilliance.
You feel clever all of a sudden. The orc hits you with a +0 dagger.
You die...

#..# ..$. ###
#...## #..
..#...
#.##......
#.#......#
####o)......#
#...@o)......
#.#####...#.#
##.# .## ##..#
# ##...## #
##.)...#####.#
##............#
#..)..........#
#.#
##.......####.#


You could see an orc priest and an orc.

Vanquished Creatures
  A hound (D:2)
  Natasha (D:2)
  2 orc wizards (D:3)
  2 adders (D:2)
  3 gnolls
  An ooze (D:2)
  2 worms (D:2)
  A dart slug (D:1)
  A leopard gecko (D:2)
  4 orcs (D:3)
  A giant cockroach (D:2)
  3 goblins
  6 hobgoblins
  8 jackals
  A quokka (D:3)
  2 bats
  A frilled lizard (D:2)
  8 kobolds
  2 rats (D:2)
50 creatures vanquished.

Notes
Turn   | Place    | Note
-------+----------+-------------------------------------------
     0 | D:1      | Borgoz the Kobold Enchanter began the quest for the Orb.
     0 | D:1      | Reached XP level 1. HP: 10/10 MP: 3/3
   349 | D:1      | Reached XP level 2. HP: 8/16 MP: 3/5
   533 | D:1      | Learned a level 2 spell: Ensorcelled Hibernation
  1302 | D:1      | Reached skill level 1 in Fighting
  1732 | D:2      | Reached XP level 3. HP: 12/20 MP: 6/6
  1973 | D:2      | Reached XP level 4. HP: 10/26 MP: 7/7
  2572 | D:2      | Reached XP level 5. HP: 30/30 MP: 5/9
  2827 | D:2      | Noticed Natasha
  2837 | D:2      | Killed Natasha
  3532 | D:3      | Found a faded altar of an unknown god.
  3539 | D:3      | Reached XP level 6. HP: 34/36 MP: 10/10
  3561 | D:3      | Found a sparkling altar of Nemelex Xobeh.
  3563 | D:3      | Found a hazy altar of Hepliaklqana.
  3570 | D:3      | Found a hide-covered altar of Uskayaw.
  3571 | D:3      | Found a shattered altar of Ashenzari.
  3645 | D:3      | Slain by an orc

Skill      XL: |  1  2  3  4  5  6 |
---------------+-------------------+-----
Fighting       | 1 2 3 |  3.0
Short Blades   | 2 3 |  3.1
Dodging        | 3 |  3.4
Spellcasting   | 3 |  3.0
Stealth        | |  4.9
Hexes          | |  3.7

Action                   |  1- 3 |  4- 6 || total
-------------------------+-------+-------++-------
Melee: Dagger            |    40 |       ||    40
       Short sword       |    32 |   101 ||   133
 Cast: Corona            |     2 |       ||     2
       Ensorcelled Hiber |     1 |     6 ||     7
  Use: Scroll            |       |     3 ||     3
       Potion            |       |     2 ||     2
 Stab: Sleeping          |     6 |     8 ||    14
  Eat: Chunk             |    12 |     5 ||    17
Armor: Leather armour    |    18 |    26 ||    44
Dodge: Dodged            |    44 |    69 ||   113
